 Dungeon Crawl Stone Soup version 0.29.1-15-g9cfb28693d (webtiles) character file.

Game seed: 16440240674186487295

58 zeram the Ducker (level 3, -4/36 HPs)
             Began as a Troll Fighter on Apr 11, 2023.
             Killed by nerve-wracking pain
             ... invoked by Jessica
              (11 damage)
             ... on level 3 of the Dungeon.
             The game lasted 00:01:46 (1231 turns).

zeram the Ducker (Troll Fighter)                    Turns: 1231, Time: 00:01:46

Health: -4/36      AC:  5    Str: 26    XL:     3   Next: 75%
Magic:  2/2        EV:  8    Int:  4    God:
Gold:   148        SH:  7    Dex:  9    Spells: 2/2 levels left

rFire   . . .      SeeInvis +   a - +0 flail
rCold   . . .      Faith    .   c - +0 kite shield
rNeg    . . .      Spirit   .   b - +0 robe
rPois   .          Reflect  .   (helmet restricted)
rElec   .          Harm     .   i - +0 cloak
rCorr   .          Rampage  .   (gloves unavailable)
Will    .....                   (boots unavailable)
Stlth   +.........              (no amulet)
HPRegen 0.92/turn               h - ring of see invisible
MPRegen 0.08/turn               (no ring)

@: mighty, lethally poisoned (-4 -> -5)
A: large, unfitting armour, claws 3, regeneration 1, shaggy fur 1, tough skin 1
a: no special abilities


You were on level 3 of the Dungeon.
You visited 1 branch of the dungeon, and saw 3 of its levels.

You collected 148 gold pieces.

Inventory:

Hand Weapons
 a - a +0 flail (weapon)
Armour
 b - a +0 robe (worn)
 c - a +0 kite shield (worn)
 i - a +0 cloak (worn)
Jewellery
 h - a ring of see invisible (left claw)
Scrolls
 e - 2 scrolls of enchant weapon {unknown}
 f - a scroll of identify {unknown}
 j - a scroll of silence {unknown}
 k - a scroll of fog {unknown}
 l - a scroll of enchant armour {unknown}
 o - a scroll of noise {unknown}
Potions
 g - a potion of curing {unknown}
 m - a potion of brilliance {unknown}
 n - 2 potions of mutation {unknown}


   Skills:
 + Level 2.9 Fighting
 + Level 2.7 Maces & Flails
 + Level 2.9 Dodging
 - Level 2.6 Shields


You had 2 spell levels left.
You didn't know any spells.
Your spell library contained the following spells:

 Spells                   Type           Power      Damage    Failure   Level
 Apportation              Tloc           0%         N/A       80%         1
 Freeze                   Ice            0%         1d3       80%         1
 Poisonous Vapours        Pois/Air       0%         N/A       91%         2
 Frozen Ramparts          Ice            0%         1d1       99%         3
 Corpse Rot               Necr/Pois/Air  0%         N/A       100%        4
 Hailstorm                Conj/Ice       0%         3d3       100%        4
 Alistair's Intoxication  Tmut/Pois      0%         N/A       100%        5


Dungeon Overview and Level Annotations

Branches:
Dungeon (3/15)

Altars:

Shops:
D:2 [

Annotations:
D:3 Jessica


Innate Abilities, Weirdness & Mutations

You are too large for most types of armour.
You have claws for hands.
Your natural rate of healing is unusually fast.
You are covered in fur. (AC +1)
You have tough skin. (AC +1)


Message History

You hit Jessica.
Jessica is moderately wounded.
You feel sick.
Jessica hits you with a +1 dagger of venom.
You are more poisoned.
Jessica mumbles some strange words.
Jessica blinks!
You feel very sick.
You feel sick. Jessica barely misses you.
You closely miss Jessica.
Jessica is moderately wounded.
You feel sick.
Jessica hits you with a +1 dagger of venom. x2
You are more poisoned.
You are too injured to fight recklessly!
You hit Jessica but do no damage.
Jessica is moderately wounded.
You feel very sick. You block Jessica's attack. x2
You hit Jessica but do no damage.
Jessica is moderately wounded.
You feel very sick. You block Jessica's attack. x2
You barely miss Jessica.
Jessica is moderately wounded.
You feel very sick. You block Jessica's attack. Jessica barely misses you.
You hit Jessica but do no damage.
Jessica is moderately wounded.
You feel sick. Jessica closely misses you. Jessica barely misses you.
You closely miss Jessica.
Jessica is moderately wounded.
You feel sick. You block Jessica's attack.
Jessica points at you and mumbles some strange words.
You barely resist.
You feel very mighty all of a sudden.
You feel sick. Jessica casts a spell at you. Pain shoots through your body!
You die...

....#
#.................#
....#
#..#########.######
....# #..#. #.# ....#
#..#.###+###'##
....######..#<........)#
............#?#........#
............#.....)....#
............##.........#
†.#.......#.##..@..$#+##
..######'##.##..@...#
..# #....##......# ..#
#######......# ###
##+#...# #.#.# .#.# .#.#


You could see Jessica (fast).

Vanquished Creatures
  An adder (D:2)
  A worm (D:2)
  3 dart slugs
  2 orcs
  3 ball pythons
  4 endoplasms
  2 giant cockroaches (D:1)
  4 goblins
  A hobgoblin (D:2)
  4 bats
  3 frilled lizards (D:1)
  3 kobolds
  7 rats
38 creatures vanquished.

Notes
Turn   | Place    | Note
-------+----------+-------------------------------------------
     0 | D:1      | zeram the Troll Fighter began the quest for the Orb.
     0 | D:1      | Reached XP level 1. HP: 22/22 MP: 0/0
   113 | D:1      | Reached XP level 2. HP: 29/29 MP: 1/1
   540 | D:1      | Found a faded altar of an unknown god.
   720 | D:2      | Reached XP level 3. HP: 36/36 MP: 2/2
   756 | D:2      | Found Warpho Kurphorch's Armour Boutique.
   926 | D:2      | You fall into a shaft and drop 1 floor!
  1210 | D:3      | Noticed Jessica
  1231 | D:3      | Killed from afar by Jessica

Illustrated notes

Levels and vault maps discovered:
D:1:      minmay_arrival_arboretum_small, layout_rooms,
          dreamdust_ecumenical_altar_sealed_demon, st_stairs_8,
          minmay_misc_feat_five, minmay_vboxes
D:2:      layout_basic, serial_shops, nicolae_shop_crystal
D:3:      layout_basic, mainiacjoe_overflow_alcove_2, uniq_jessica

Skill      XL: |  1 |
---------------+----+-----
Maces & Flails | 2 |  2.7
Fighting       | |  2.9
Dodging        | |  2.9
Shields        | |  2.6

Action                   || total
-------------------------++-------
Melee: Flail             ||   115
  Use: Potion            ||     1
Armor: Robe              ||    46
Dodge: Dodged            ||    43
Block: Kite shield       ||    53
